Map: Glittering Ashes LE

Players

ByuN

  • Race: Terran Terran

ShoWTimE - Winner!

  • Race: Protoss Protoss

Event: TSL 8

VOD

Have the link to the VOD?

Description

Time

  • Played on: Dec. 5, 2021, 9:23 a.m.
  • Length: 6:10

All games in this series

Show
View Real Time Build Order
Export as new Build Order

ByuN Terran 

Build Orders:  

Get SALT Encoding   

  12  0:00  SCV  
  13  0:12  SCV  
  14  0:17  Supply Depot  
  14  0:24  SCV  
  15  0:38  SCV  
  15  0:39  Barracks  
  16  0:45  Refinery  
  16  0:57  Barracks  
  16  1:01  SCV  
  17  1:13  SCV  
  19  1:26  Marine  
  19  1:27  Orbital Command  
  19  1:40  Supply Depot  
  19  1:44  Barracks Reactor  
  19  1:45  Barracks Tech Lab  
  19  1:54  SCV  
  20  2:05  Marauder, Concussive Shells  
  20  2:07  SCV  
  20  2:08  Supply Depot  
  23  2:20  Marine x2  
  25  2:23  SCV  
  25  2:26  Marauder  
  25  2:28  Refinery  
  28  2:35  SCV  
  29  2:38  Marine x2  
  29  2:41  Supply Depot  
  31  2:48  Marauder  
  31  2:50  SCV  
  34  2:58  Bunker  
  34  3:02  SCV  
  34  3:04  Marine x2  
  36  3:15  Factory  
  36  3:19  Marine  
  37  3:24  SCV  
  38  3:30  Marine x2  
  40  3:48  Marine x2  
  37  3:50  SCV  
  36  4:00  Starport, Widow Mine  
  38  4:06  Marine x2  
  37  4:13  Command Center  
  36  4:23  Widow Mine  
  38  4:26  Armory, Marine x2  
  39  4:32  SCV  
  40  4:41  Medivac  
  40  4:44  Widow Mine, SCV  
  45  4:47  Marine x2  
  47  4:55  Barracks  
  47  5:15  Supply Depot  
  47  5:17  Medivac, SCV  
  47  5:25  Widow Mine x2  
  49  5:30  SCV  
Show
View Real Time Build Order
Export as new Build Order

ShoWTimE Protoss - Winner!

Build Orders: 1 Gate Expand, Oracle Opening 

Get SALT Encoding   

  12  0:00  Probe  
  13  0:12  Probe  
  14  0:17  Pylon  
  14  0:24  Probe  
  15  0:35  Gateway  
  15  0:36  Probe (Chrono Boost)  
  16  0:45  Probe (Chrono Boost)  
  16  0:46  Assimilator  
  17  0:51  Probe (Chrono Boost)  
  18  1:03  Probe  
  19  1:15  Probe  
  20  1:22  Nexus  
  20  1:32  Cybernetics Core  
  20  1:35  Probe  
  21  1:40  Assimilator  
  21  1:47  Probe  
  21  1:50  Pylon  
  22  1:59  Probe  
  23  2:05  Adept (Chrono Boost)  
  25  2:11  Probe  
  26  2:16  Stargate  
  26  2:24  Probe (Chrono Boost)  
  26  2:26  Adept (Chrono Boost)  
  29  2:30  Warp Gate  
  29  2:33  Probe (Chrono Boost)  
  31  2:41  Probe (Chrono Boost)  
  31  2:43  Probe (Chrono Boost)  
  32  2:46  Shield Battery  
  32  2:51  Shield Battery  
  32  2:52  Adept  
  32  2:55  Void Ray (Chrono Boost)  
  38  3:08  Probe x2  
  40  3:20  Probe x2, Pylon  
  42  3:29  Oracle (Chrono Boost)  
  42  3:32  Probe  
  46  3:34  Probe  
  45  3:44  Probe  
  45  3:46  Probe  
  47  3:52  Pylon  
  47  3:56  Probe  
  47  3:58  Probe  
  47  4:00  Gateway  
  47  4:01  Gateway  
  49  4:06  Oracle  
  49  4:08  Probe  
  49  4:09  Pylon  
  53  4:12  Probe  
  54  4:20  Probe  
  54  4:21  Pylon  
  55  4:24  Probe  
  56  4:32  Stalker  
  56  4:36  Probe  
  56  4:37  Robotics Facility  
  59  4:39  Assimilator  
  59  4:40  Probe  
  59  4:43  Assimilator  
  60  4:48  Nexus  
  60  4:51  Shield Battery  
  60  4:52  Probe  
  61  4:57  Sentry  
  61  4:58  Probe  
  64  5:05  Probe  
  65  5:10  Gateway  
  65  5:11  Gateway, Twilight Council  
  65  5:13  Probe  
  66  5:19  Adept x2  
  70  5:31  Shield Battery  
  70  5:32  Stalker  
  70  5:34  Observer, Pylon  
  74  5:35  Probe x2  
  74  5:40  Pylon  
  75  5:47  Probe  
Tags
 
Add a new tag
Caveats
  • Supply blocks, unpowered buildings, or Contaminate may cause inaccurate times.
  • Supply counts are checked every 10 seconds.